 Dungeon Crawl Stone Soup version 0.28-a0-1117-g0bdd5ba030 (webtiles) character file.

Game seed: 11043083146396586885

80636 mandarbmax the Brawler (level 15, -3/152 HPs)
             Began as a Troll Cinder Acolyte on Dec 12, 2021.
             Was an Initiate of Ignis.
             Slain by an acid blob (20 damage)
             ... on level 2 of the Pits of Slime.
             The game lasted 01:12:42 (18092 turns).

mandarbmax the Brawler (Troll Cinder Acolyte)      Turns: 18092, Time: 01:12:43

Health: -3/152     AC:  4    Str: 26    XL:     15   Next: 24%
Magic:  15/15      EV: 11    Int: 10    God:    Ignis [......]
Gold:   1113       SH:  0    Dex: 11    Spells: 16/16 levels left

rFire   + . .      SeeInvis .     - Unarmed
rCold   . . .      Faith    .   J - +5 kite shield {reflect}
rNeg    . . .      Spirit   .   Y - +0 swamp dragon scales
rPois   +          Reflect  +   S - +2 hat {Stlth+}
rElec   .          Harm     .   N - +0 cloak
rCorr   +          Rampage  .   (gloves unavailable)
Will    +....                   (boots unavailable)
Stlth   +.........              E - amulet of regeneration
HPRegen 1.95/turn               G - ring of poison resistance
MPRegen 0.14/turn               T - ring of resist corrosion

@: confused, corroded, hasted, very quick
A: large, unfitting armour, claws 3, regeneration 1, shaggy fur 1, tough skin 1,
deformed body
a: Renounce Religion


You were on level 2 of the Pits of Slime.
You worshipped Ignis.
Ignis was noncommittal.
You visited 4 branches of the dungeon, and saw 22 of its levels.

You collected 1376 gold pieces.
You spent 263 gold pieces at shops.

Inventory:

Missiles
 a - 56 poisoned darts
 m - 6 throwing nets
 r - 7 boomerangs (quivered)
 B - 3 boomerangs of dispersal
 L - 3 large rocks
 W - 4 curare-tipped darts
Armour
 p - a +2 robe of willpower
 J - a +5 kite shield of reflection (worn)
 N - a +0 cloak (worn)
 S - a +2 hat of stealth (worn)
 Y - +0 swamp dragon scales (worn)
Jewellery
 e - a ring of ice
 f - an amulet of faith
 E - an amulet of regeneration (around neck)
 G - a ring of poison resistance (left claw)
 T - a ring of resist corrosion (right claw)
Wands
 b - a wand of paralysis (6)
 g - a wand of iceblast (2)
 o - a wand of digging (16)
 x - a wand of flame (25)
 y - a wand of charming (3)
 H - a wand of mindburst (19)
Scrolls
 h - 5 scrolls of enchant weapon
 i - 3 scrolls of magic mapping
 j - 2 scrolls of vulnerability
 l - 4 scrolls of immolation
 q - 3 scrolls of summoning
 u - 3 scrolls of fog
 v - 2 scrolls of holy word
 w - 5 scrolls of teleportation
 C - 3 scrolls of blinking
 I - 4 scrolls of fear
 P - a scroll of silence
 R - 4 scrolls of enchant armour
 U - 2 scrolls of amnesia
 V - a scroll of identify
 X - 2 scrolls of brand weapon
Potions
 c - 4 potions of ambrosia
 d - 2 potions of magic
 k - 7 potions of mutation
 n - 3 potions of resistance
 s - a potion of might
 t - a potion of brilliance
 A - 6 potions of curing
 M - 2 potions of attraction
 O - a potion of flight
 Z - a potion of lignification
Miscellaneous
 F - a phantom mirror (inert)


   Skills:
 + Level 10.4 Fighting
 + Level 10.3 Throwing
 + Level 9.9 Dodging
 + Level 7.4 Shields
 * Level 17.3 Unarmed Combat
 - Level 1.0 Spellcasting
 - Level 2.1 Fire Magic


You had 16 spell levels left.
You didn't know any spells.
Your spell library contained the following spells:

 Spells                   Type           Power      Damage    Failure   Level
 Scorch                   Fire           8%         2d5       41%         2
 Slow                     Hex            0%         N/A       58%         1
 Sting                    Tmut/Pois      0%         1d3       58%         1
 Corpse Rot               Necr/Air       0%         N/A       73%         2
 Poisonous Vapours        Pois/Air       0%         N/A       73%         2
 Conjure Flame            Conj/Fire      2%         6-21      80%         3
 Inner Flame              Hex/Fire       2%         N/A       80%         3
 Confusing Touch          Hex            0%         N/A       91%         3
 Ozocubu's Armour         Ice            0%         N/A       91%         3
 Vampiric Draining        Necr           0%         2d6       91%         3
 Animate Dead             Necr           0%         N/A       100%        4
 Dispel Undead            Necr           0%         3d6       100%        4
 Olgreb's Toxic Radiance  Pois           0%         N/A       100%        4
 Borgnjor's Vile Clutch   Necr/Erth      0%         N/A       100%        5
 Fireball                 Conj/Fire      1%         3d3       100%        5
 Iskenderun's Battlesphe  Conj           0%         2d6       100%        5
 Death Channel            Necr           0%         N/A       100%        6
 Iron Shot                Conj/Erth      0%         9d1       100%        6
 Haunt                    Necr/Summ      0%         N/A       100%        7
 Ozocubu's Refrigeration  Ice            0%         4d5       100%        7
 Spellforged Servitor     Conj/Summ      0%         N/A       100%        7
 Infestation              Necr           0%         N/A       100%        8


Dungeon Overview and Level Annotations

Branches:
Dungeon (12/15)            Temple (1/1) D:5            Lair (6/6) D:10
 Shoals (0/4) Lair:4        Snake (0/4) Lair:3        Slime (3/5) Lair:6
    Orc (0/2) D:11

Altars:
Ashenzari
Cheibriados
Dithmenos
Elyvilon
Fedhas
Gozag
Hepliaklqana
Kikubaaqudgha
Makhleb
Nemelex Xobeh
Okawaru
Qazlal
Ru
Sif Muna
Trog
Uskayaw
Vehumet
Wu Jian
Xom
Yredelemnul
Zin
The Shining One

Shops:
D:4 ?   D:6 :(:   D:10 (


Innate Abilities, Weirdness & Mutations

You are too large for most types of armour.
You have claws for hands.
Your natural rate of healing is unusually fast.
You are covered in fur. (AC +1)
You have tough skin. (AC +1)
Armour fits poorly on your strangely shaped body.


Message History

The golden eye turns its gaze towards you. x2
The acid blob spits acid at you. The splash of acid hits you! You resist.
The slime creature hits you! The golden eye blinks at you.
You are more confused.
Unknown command.
Your magical effects are unravelling.
You feel magically purged.
You feel less confused. The golden eye blinks at you.
You resist with almost no effort. The large slime creature hits you!!!
* * * LOW HITPOINT WARNING * * *
The slime creature barely misses you. The golden eye blinks at you.
You are confused.
Unknown command.
You are too confused!
You feel much better.
The large slime creature barely misses you.
The golden eye blinks at you.
You are more confused.
The slime creature hits you!
Your magical effects are unravelling.
You feel magically purged.
You feel less confused.
You block the large slime creature's attack.
The golden eye blinks at you. You resist with some effort.
The acid blob hits you. The acid corrodes you!
You are splashed with acid.
You resist.
* * * LOW HITPOINT WARNING * * *
The golden eye blinks at you.
You are confused.
The slime creature hits you but does no damage.
Unknown command.
Okay, then.
You feel yourself speed up. The large slime creature hits you!!
* * * LOW HITPOINT WARNING * * *
The golden eye blinks at you. You resist with some effort.
The acid blob hits you!!
You die...

############# *##
###..##.#.##..####.##
##...............#...#
##....................##
##.#....#...............#
*#..............>.......#*
##.#...........GGJ........#
#...............@J#......##
##.#...<........GJ......##
,**#....................#
,,#...#.................#*
,*#...##.................#
,*#..#*##...#...#........#
,....,**......##........,**
.##..,,##......,...<....,,*
**##*,**#.......,,,,,,,*,**


You could see an acid blob, a large slime creature, a slime creature, a shining
eye and 2 golden eyes.

Vanquished Creatures
  3 acid blobs
  Gastronok (Lair:3)
  An azure jelly (Slime:1)
  A quicksilver ooze (Slime:1)
  The ghost of Muulud the Spry, a journeyman SpBe of Trog (Lair:5)
  A fire dragon (Lair:6)
  Josephine (D:11)
  Harold (D:10)
  8 hydras
  3 two-headed ogres
  7 death yaks
  Sonja (Lair:4)
  A fire crab (Lair:6)
  Pikel (D:4)
  A swamp dragon (Lair:6)
  2 oklob plants (D:10)
  6 elephants
  A manticore (Lair:4)
  7 black mambas
  A cyclops (D:11)
  Joseph (D:7)
  3 eyes of devastation
  A gargoyle (D:8)
  17 cane toads
  13 komodo dragons
  8 rime drakes
  A kobold demonologist (D:10)
  2 trolls
  A merfolk (Lair:4)
  12 polar bears
  A hornet (D:11)
  2 raiju (Lair:6)
  16 slime creatures
  19 blink frogs
  A meliai zombie (D:9)
  18 dream sheep
  4 wraiths
  66 yaks
  14 wyverns
  Sigmund (D:2)
  9 basilisks
  5 steam dragons
  3 vampire mosquitoes (D:11)
  4 wargs (Lair:6)
  16 hell hounds
  22 water moccasins
  A floating eye (Lair:6)
  A swamp drake (Lair:6)
  12 black bears
  4 orc warriors
  2 necrophages (D:6)
  A centaur (D:10)
  5 ogres
  37 wolves
  A lemure (D:4)
  14 bullfrogs
  3 kobold brigands
  2 scorpions
  2 wyvern skeletons
  6 killer bees
  7 wights
  5 howler monkeys
  4 electric eels
  6 centaur zombies
  2 bullfrog zombies (D:5)
  8 orc priests
  2 hounds
  A bullfrog skeleton (D:6)
  A centaur skeleton (D:5)
  4 iguanas
  13 orc wizards
  11 hell rats
  A howler monkey zombie (D:5)
  12 gnolls
  9 adders
  A howler monkey skeleton (D:6)
  A shadow imp (D:5)
  A white imp (D:7)
  4 worms
  A dart slug (D:2)
  56 orcs
  15 endoplasms
  4 giant cockroaches
  9 goblins
  6 hobgoblins
  4 quokkas
  11 ball pythons
  4 bats
  4 frilled lizards
  19 kobolds
  7 rats
633 creatures vanquished.

Vanquished Creatures (others)
  A swamp drake (Lair:6)
  An orc (D:8)
  A kobold (D:8)
  117 foxfires
  33 fungi
  64 plants
217 creatures vanquished.

Grand Total: 850 creatures vanquished

Notes
Turn   | Place    | Note
-------+----------+-------------------------------------------
     0 | D:1      | mandarbmax the Troll Cinder Acolyte began the quest for the
                  | Orb.
     0 | D:1      | Reached XP level 1. HP: 22/22 MP: 1/1
    72 | D:1      | Reached XP level 2. HP: 29/31 MP: 2/2
   450 | D:1      | Reached XP level 3. HP: 37/37 MP: 3/3
   730 | D:2      | Found an iron altar of Okawaru.
   742 | D:2      | Reached skill level 4 in Unarmed Combat
   753 | D:2      | Noticed Sigmund
   770 | D:2      | Killed Sigmund
   917 | D:2      | Found a faded altar of an unknown god.
  1028 | D:2      | Reached XP level 4. HP: 40/45 MP: 4/4
  1032 | D:2      | Learned a level 3 spell: Ozocubu's Armour
  1129 | D:2      | Noticed an ogre
  1162 | D:2      | Killed an ogre
  1163 | D:2      | Reached skill level 5 in Unarmed Combat
  1163 | D:2      | Reached XP level 5. HP: 36/53 MP: 5/5
  1602 | D:3      | Reached skill level 6 in Unarmed Combat
  2101 | D:4      | Noticed a lemure
  2101 | D:4      | Noticed an ogre
  2101 | D:4      | Noticed Pikel
  2102 | D:4      | Noticed a lemure
  2103 | D:4      | Noticed a lemure
  2104 | D:4      | Killed an ogre
  2105 | D:4      | Reached XP level 6. HP: 61/61 MP: 6/6
  2109 | D:4      | Killed Pikel
  2110 | D:4      | Reached skill level 7 in Unarmed Combat
  2110 | D:4      | Reached XP level 7. HP: 68/68 MP: 7/7
  2576 | D:4      | Reached skill level 8 in Unarmed Combat
  2578 | D:4      | Reached XP level 8. HP: 78/78 MP: 8/8
  2587 | D:4      | Reached skill level 1 in Throwing
  2627 | D:4      | Found Vecoist's Magic Scroll Boutique.
  2687 | D:4      | Bought a scroll of summoning for 104 gold pieces
  2700 | D:5      | Entered Level 5 of the Dungeon
  2890 | D:5      | Found a shimmering altar of Xom.
  2903 | D:5      | Found a stormy altar of Qazlal.
  2906 | D:5      | Found an ornate altar of the Wu Jian Council.
  2906 | D:5      | Found a shimmering blue altar of Sif Muna.
  2913 | D:5      | Found an opulent altar of Gozag.
  3533 | D:5      | Found a staircase to the Ecumenical Temple.
  3974 | D:4      | Bought a scroll of identify for 22 gold pieces
  3974 | D:4      | Bought a scroll of identify for 22 gold pieces
  3974 | D:4      | Bought a scroll of teleportation for 33 gold pieces
  4150 | D:6      | Noticed a komodo dragon
  4157 | D:6      | Killed a komodo dragon
  4158 | D:6      | Reached skill level 9 in Unarmed Combat
  4162 | D:6      | Reached skill level 5 in Fighting
  4162 | D:6      | Reached XP level 9. HP: 44/88 MP: 9/9
  4325 | D:6      | Found Qeuvuoqi's Book Shop.
  4326 | D:6      | Found Tanau's Weapon Shoppe.
  4327 | D:6      | Found Lanluh's Book Shoppe.
  4936 | D:7      | Noticed Joseph
  4958 | D:7      | Killed Joseph
  4959 | D:7      | Reached skill level 10 in Unarmed Combat
  5126 | D:7      | Found a bloodstained altar of Trog.
  5126 | D:7      | Found an iron altar of Okawaru.
  5635 | D:8      | Noticed a gargoyle
  5664 | D:8      | Killed a gargoyle
  5665 | D:8      | Reached XP level 10. HP: 52/96 MP: 10/10
  5801 | D:8      | Reached skill level 5 in Dodging
  6168 | D:9      | Reached skill level 11 in Unarmed Combat
  6411 | D:9      | Reached skill level 5 in Throwing
  6906 | D:10     | Entered Level 10 of the Dungeon
  7065 | D:10     | Noticed an oklob plant
  7068 | D:10     | Found a staircase to the Lair.
  7068 | D:10     | Noticed an oklob plant
  7079 | D:10     | Killed an oklob plant
  7139 | D:10     | Noticed a two-headed ogre
  7143 | D:10     | Killed a two-headed ogre
  7182 | D:10     | Noticed a two-headed ogre
  7183 | D:10     | Found Zaun's Weapon Emporium.
  7210 | D:10     | Killed a two-headed ogre
  7211 | D:10     | Reached skill level 12 in Unarmed Combat
  7211 | D:10     | Reached XP level 11. HP: 38/107 MP: 11/11
  7742 | D:10     | Identified a scroll of acquirement
  7743 | D:10     | Acquired a +1 kite shield of reflection
  7759 | D:10     | Killed an oklob plant
  7794 | D:10     | Noticed Harold
  7801 | D:10     | Killed Harold
  8015 | D:11     | Reached skill level 1 in Shields
  8044 | D:11     | Noticed Josephine
  8063 | D:11     | Killed Josephine
  8663 | D:11     | Found a staircase to the Orcish Mines.
  8875 | D:11     | Noticed a two-headed ogre
  8881 | D:11     | Killed a two-headed ogre
  8998 | D:12     | Reached skill level 13 in Unarmed Combat
  9122 | Lair:1   | Entered Level 1 of the Lair of Beasts
  9392 | Lair:1   | Noticed a six-headed hydra
  9394 | Lair:1   | Reached XP level 12. HP: 113/119 MP: 12/12
  9403 | Lair:1   | Killed an eight-headed hydra
  9980 | Lair:1   | Reached skill level 14 in Unarmed Combat
 10072 | Lair:1   | Noticed an eight-headed hydra
 10162 | Lair:1   | Killed an eight-headed hydra
 10873 | D:4      | Bought a scroll of enchant armour for 82 gold pieces
 11650 | Lair:2   | Reached XP level 13. HP: 119/128 MP: 13/13
 12090 | Lair:3   | Noticed Gastronok
 12142 | Lair:3   | Killed Gastronok
 12223 | Lair:3   | Reached skill level 5 in Shields
 12295 | Lair:3   | Reached skill level 15 in Unarmed Combat
 12758 | Lair:3   | Found a staircase to the Snake Pit.
 13604 | Lair:4   | Reached XP level 14. HP: 118/140 MP: 14/14
 13780 | Lair:4   | Found a staircase to the Shoals.
 13910 | Lair:4   | Noticed Sonja
 14170 | Lair:4   | Killed Sonja
 14269 | Lair:5   | Found a runed translucent gate.
 14269 | Lair:5   | Found a runed translucent gate.
 14269 | Lair:5   | Found a runed translucent gate.
 14271 | Lair:5   | Noticed Muulud's ghost (journeyman SpBe)
 14312 | Lair:5   | Got the Catalogue of the Blaze and Necromancy
 14362 | Lair:5   | Reached skill level 16 in Unarmed Combat
 15208 | Lair:5   | Killed Muulud's ghost
 15330 | Lair:5   | Identified the +5 war axe of Soft Guile {drain, rCorr}
 15365 | Lair:6   | Entered Level 6 of the Lair of Beasts
 15806 | Lair:6   | Reached skill level 10 in Fighting
 16029 | Lair:6   | Reached skill level 10 in Throwing
 16166 | Lair:6   | Paralysed by a floating eye for 2 turns
 16252 | Lair:6   | Found a staircase to the Slime Pits.
 16697 | Lair:6   | Reached skill level 17 in Unarmed Combat
 16729 | Lair:6   | Reached XP level 15. HP: 149/149 MP: 15/15
 16856 | Slime:1  | Entered Level 1 of the Pits of Slime
 17206 | Temple   | Entered the Ecumenical Temple
 17686 | Slime:2  | Noticed an acid blob
 17749 | Slime:1  | Noticed an azure jelly
 17761 | Slime:1  | Killed an azure jelly
 17839 | Slime:2  | Noticed an acid blob
 17846 | Slime:1  | Killed an acid blob
 17871 | Slime:2  | Killed an acid blob
 17893 | Slime:3  | Noticed an acid blob
 18005 | Slime:1  | Killed an acid blob
 18085 | Slime:2  | Noticed an acid blob
 18086 | Slime:2  | Gained mutation: Armour fits poorly on your strangely
                  | shaped body. [a shining eye]
 18092 | Slime:2  | Slain by an acid blob

Illustrated notes

Levels and vault maps discovered:
D:1:      shiori_arrival_elements, layout_basic
D:2:      layout_loops_ring, shapermc_ecumenical_altar_totnotflames,
          kennysheep_flooded_box, uniq_sigmund
D:3:      layout_basic
D:4:      layout_cave_pools, serial_shops, nicolae_shop_stone, grunt_decor_cap,
          kennysheep_generic_room_12, uniq_pikel
D:5:      layout_cave_pods, nicolae_overflow_hallway_of_the_gods,
          minmay_temple_entry_proselytizer, corexii_hall_statues_l,
          grunt_ministairs_15
D:6:      layout_loops_ring, nicolae_wooded_promenade
D:7:      layout_rooms, grunt_temple_overflow_bloody_war,
          minmay_fractal_squares_gapless_5, uniq_joseph
D:8:      kennysheep_ambush_hall, layout_basic, kennysheep_boxes
D:9:      layout_basic, serial_curves, eino_curves_02, eino_curves_03
D:10:     layout_roguey, dpeg_oklobed_lair, serial_shops,
          nicolae_shop_bloodbath_and_beyond, uniq_harold
D:11:     layout_basic, hiddenorc2_lemuel, uniq_josephine
D:12:     minmay_the_grid_four_pointed_star
          [minmay_the_grid_triangle_9x9_semitri,
          minmay_the_grid_triangle_9x9_odd_lines,
          minmay_the_grid_triangle_9x9_from_above,
          minmay_the_grid_triangle_9x9_windchime,
          minmay_the_grid_prize_four_corners], layout_irregular_city,
          serial_shops, shop
Temple:   regret_index_temple_waves
Lair:1:   layout_cave_pods, minmay_shattered_shrine, grunt_megastairs_5,
          infiniplex_staircase_pool_2
Lair:2:   cheibrodos_lair_river_kwai, layout_gridlike
Lair:3:   layout_misc_corridors, dummy_snake_entry, serial_bayou_shore_a,
          grunt_megastairs_3, uniq_gastronok
Lair:4:   layout_concentric_octagons, elwin_shoals_entry_rooms, special_room
          [special_room_mythical_zoo], uniq_sonja
Lair:5:   layout_hall_layers, gammafunk_ghost_hydra_chop
Lair:6:   hangedman_lair_caniforms_friends, layout_gridlike,
          guppyfry_lair_end_dragon, minmay_slime_entry_eyes
Slime:1:  layout_caves
Slime:2:  layout_caves
Slime:3:  layout_caves, nicolae_slime_welcoming_committee

Skill      XL: |  1  2  3  4  5  6  7  8  9 10 11 12 13 14 |
---------------+-------------------------------------------+-----
Fighting       | 3 4 5 6 7 8 9 10 | 10.4
Unarmed Combat | 4 5 6 7 8 9 10 12 13 14 15 17 | 17.3
Dodging        | 2 3 4 6 7 8 9 |  9.9
Throwing       | 2 4 5 7 8 9 10 | 10.3
Shields        | 2 4 5 7 |  7.4
Spellcasting   | |  1.0
Fire Magic     | |  2.1

Action                   |  1- 3 |  4- 6 |  7- 9 | 10-12 | 13-15 || total
-------------------------+-------+-------+-------+-------+-------++-------
Melee: Unarmed           |   124 |    82 |   305 |   645 |   921 ||  2077
       Punch             |     2 |     1 |    16 |     8 |       ||    27
Throw: Dart              |       |       |    27 |     8 |       ||    35
       Throwing net      |       |       |     1 |       |       ||     1
       Boomerang         |       |       |       |   107 |   225 ||   332
Invok: Foxfire Swarm     |     1 |     2 |     1 |     1 |     1 ||     6
       Fiery Armour      |       |       |       |     2 |     2 ||     4
       Rising Flame      |       |       |       |       |     1 ||     1
Evoke: Wand              |       |       |     5 |     5 |    15 ||    25
       Phantom mirror    |       |       |       |     1 |     1 ||     2
  Use: Scroll            |     1 |     3 |    13 |    10 |    11 ||    38
       Potion            |       |       |     2 |     3 |    10 ||    15
 Stab: Paralysed         |       |       |       |       |     3 ||     3
       Sleeping          |       |       |       |       |     1 ||     1
Armor: Robe              |    43 |    19 |   108 |     4 |       ||   174
       Steam dragon scal |       |       |       |   168 |   183 ||   351
       Skin              |       |       |       |       |    52 ||    52
       Swamp dragon scal |       |       |       |       |    39 ||    39
Dodge: Dodged            |    56 |    33 |   120 |   286 |   279 ||   774
Block: Kite shield       |       |       |       |   231 |   568 ||   799
       Reflection        |       |       |       |       |     6 ||     6

Table legend: (Time is in decaauts)
 A = Elapsed time spent in this place.
 B = Non-inter-level travel time spent in this place.
 C = Inter-level travel time spent in this place.
 D = Time resting spent in this place.
 E = Time spent auto-exploring this place.
 F = Levels seen in this place.
 G = Mean time per level.
                   A        B        C        D        E       F      G
               +--------+--------+--------+--------+--------+-----+--------+
         Total |  17942 |  15898 |   2044 |    862 |  11086 |  22 |  815.5 |
       Dungeon |   9934 |   8467 |   1467 |    370 |   6264 |  12 |  827.8 |
        Temple |    151 |    132 |     19 |      0 |    115 |   1 |  151.0 |
          Lair |   7431 |   6887 |    544 |    307 |   4707 |   6 | 1238.5 |
    Slime Pits |    424 |    411 |     13 |    184 |      0 |   3 |  141.3 |
               +--------+--------+--------+--------+--------+-----+--------+

Top non-repeatable levels by time:
  Lair:1: 1607 daAuts
  Lair:6: 1479 daAuts
     D:6: 1232 daAuts
     D:5: 1227 daAuts
    D:10: 1199 daAuts
  Lair:5: 1185 daAuts
  Lair:4: 1180 daAuts
    D:11: 1176 daAuts
     D:9: 1046 daAuts
  Lair:2: 1021 daAuts
  Lair:3: 957 daAuts
     D:2: 809 daAuts
     D:3: 673 daAuts
     D:4: 661 daAuts
     D:7: 647 daAuts
